 Dungeon Crawl Stone Soup version 0.22-a0-354-g30dfbe6 (webtiles) character file.

178 4thArraOfDagon the Skirmisher (level 5, 0/72 HPs)
             Began as a Demonspawn Wanderer on Apr 16, 2018.
             Slain by Pikel
             ... wielding a +2 whip of flaming
              (2 damage)
             ... on level 6 of the Dungeon.
             The game lasted 00:04:35 (1297 turns).

4thArraOfDagon the Skirmisher (Demonspawn Wanderer) Turns: 1297, Time: 00:04:36

Health: 0/72       AC: 11    Str: 17    XL:     5   Next: 32%
Magic:  5/5        EV:  9    Int: 24    God:
Gold:   71         SH:  0    Dex: 17    Spells: 4/4 levels left

rFire    . . .     SeeInvis +   b - +0 falchion
rCold    . . .     Gourm    .   (no shield)
rNeg     . . .     Faith    .   a - +2 scale mail
rPois    .         Spirit   .   (no helmet)
rElec    .         Reflect  .   (no cloak)
rCorr    .         Harm     .   (no gloves)
MR       +....     Rnd*Rage +   f - +0 pair of boots
Stlth    ..........             (no amulet)
HPRegen  0.22/turn              l - ring "Moetopn" {rC- Int+9 Dex+3 SInv Stlth+}
MPRegen  0.09/turn              (no ring)

@: berserking, very quick
A: thin metallic scales 1, agile 1, berserk 1, cold resistance 1, magic
resistance 1, freezing cloud immunity
a: no special abilities


You were on level 6 of the Dungeon.
You were not hungry.

You visited 1 branch of the dungeon, and saw 7 of its levels.

You collected 71 gold pieces.

Inventory:

Hand Weapons
 b - a +0 falchion (weapon)
Armour
 a - a +2 scale mail (worn)
 f - a +0 pair of boots (worn)
Jewellery
 l - the ring "Moetopn" (left hand) {rC- Int+9 Dex+3 SInv Stlth+}
   (You found it on level 4 of the Dungeon)

   [ring of see invisible]

   It affects your intelligence (+9).
   It affects your dexterity (+3).
   It makes you vulnerable to cold.
   It lets you see invisible.
   It makes you more stealthy.
Wands
 h - a wand of digging (13)
Scrolls
 e - a scroll of identify
 g - a scroll of vulnerability {unknown}
 i - a scroll of amnesia {unknown}
 j - a scroll of immolation {unknown}
 k - a scroll of enchant armour
Comestibles
 d - 2 rations


   Skills:
 + Level 7.3 Fighting
 - Level 1.0 Long Blades
 - Level 1.0 Throwing
 - Level 1.7 Armour
 - Level 1.0 Stealth


You had 4 spell levels left.
You didn't know any spells.

Dungeon Overview and Level Annotations

Branches:
Dungeon (7/15)
 Temple: D:4-7

Altars:
Fedhas

Annotations:
D:2 Jessica
D:6 Pikel


Innate Abilities, Weirdness & Mutations

You are partially covered in thin metallic scales. (AC +2)
Your flesh is cold resistant. (rC+)
You are immune to freezing clouds.
You are agile. (Dex +2)
You tend to lose your temper in combat.
You are resistant to hostile enchantments. (MR+)


Message History

The centaur is almost dead.
The centaur barely misses you.
You riposte.
You hit the centaur.
The centaur is almost dead.
Unknown command.
You barely miss the centaur.
The centaur is almost dead.
The centaur closely misses you.
You riposte.
You hit the centaur.
You kill the centaur!
Your Fighting skill increases to level 7!
You have reached level 5!
Your demonic ancestry asserts itself...
You feel less concerned about cold.
Unknown command.
Unknown command.
You hit Pikel but do no damage.
Pikel is moderately wounded.
Pikel hits you with a whip of flaming.
* * * LOW HITPOINT WARNING * * *
Pikel burns you.
You die...

*,,*****,* *,* *,* *, *,,*****,*
#.* *,* *, *,,,,,,*,*
##.##*##****###,* *,
**,***,*,*##...**..,,,,..#,* *,
*,,,,,,,,*....,#.#****#.#,# *,
***,*,**,**...*#.# #.#.# **
*,*,**<**#.#*#.######.#.#
*,*.##.###.###.##.......#
*,*........K@.....###>###
*,,,...###.###.#### #.# ********
#.# #.######.# ********
#####.###........# ,,,,,,,*
#......<..########
,*****,*##...#.###.# *## *** ,*
*,##......# #.# *#.#**,,
,*****,#.......###.#######.#,##,#
,*,,,,,...................###.#.#


You could see Pikel.

Vanquished Creatures
  A centaur (D:6)
  2 hounds
  An adder zombie (D:5)
  3 dart slugs (D:1)
  A leopard gecko (D:2)
  3 orcs (D:6)
  A bat (D:3)
  A hobgoblin (D:1)
  7 kobolds
  2 goblins
  3 rats
25 creatures vanquished.

Notes
Turn   | Place    | Note
-------+----------+-------------------------------------------
     0 | D:1      | 4thArraOfDagon the Demonspawn Wanderer began the quest for the Orb.
     0 | D:1      | 4thArraOfDagon set off with: a +2 scale mail, a +0 falchion, a potion of lignification, a ration
     0 | D:1      | Reached XP level 1. HP: 21/21 MP: 1/1
    49 | D:1      | Gained mutation: Your flesh is cold resistant. (rC+) [demonic ancestry]
    49 | D:1      | Reached XP level 2. HP: 25/27 MP: 2/2
   282 | D:2      | Noticed Jessica
   295 | D:2      | Gained mutation: You are agile. (Dex +2) [potion of mutation]
   295 | D:2      | Gained mutation: You tend to lose your temper in combat. [potion of mutation]
   295 | D:2      | Gained mutation: You are resistant to hostile enchantments. (MR+) [potion of mutation]
   310 | D:3      | Found a blossoming altar of Fedhas.
   591 | D:5      | Entered Level 5 of the Dungeon
   669 | D:6      | Reached skill level 6 in Fighting
   669 | D:6      | Reached XP level 3. HP: 11/34 MP: 3/3
   890 | D:5      | Gained mutation: You are partially covered in thin metallic scales. (AC +2) [demonic ancestry]
   890 | D:5      | Reached XP level 4. HP: 41/41 MP: 4/4
   955 | D:4      | Got a transparent silver ring
   956 | D:4      | Identified the ring "Moetopn" {rC- Int+9 Dex+3 SInv Stlth+} (You found it on level 4 of the Dungeon)
  1232 | D:7      | Noticed Pikel
  1232 | D:7      | Noticed a slave
  1261 | D:7      | Noticed a slave
  1277 | D:6      | Noticed a centaur
  1295 | D:6      | Killed a centaur
  1295 | D:6      | Reached skill level 7 in Fighting
  1295 | D:6      | Gained mutation: You are immune to freezing clouds. [demonic ancestry]
  1295 | D:6      | Reached XP level 5. HP: 5/48 MP: 5/5
  1297 | D:6      | HP: 2/72 [Pikel/whip of flaming (3)]
  1297 | D:6      | Slain by Pikel

Vault maps used:
D:1:      dpeg_arrival_arbitrary_c, minmay_pentomino_p4
D:2:      lemuel_doored_altar, uniq_terence, uniq_jessica
D:3:      first_ration, grunt_decor_cap, fedhas_altar_2
D:4:      lemuel_zombie_altar_yredelemnul, kennysheep_slug_shrine,
          nicolae_ru_sacrificial_ziggurat
D:5:      lemuel_crystal_altar
D:6:      nemelex_xobeh_ov_fountains_minmay, kennysheep_mini_moat
D:7:      minmay_temple_entry_purple_smoke, uniq_crazy_yiuf_cottage,
          uniq_prince_ribbit1, uniq_pikel, uniq_menkaure

Skill      XL: |  1  2  3  4 |
---------------+-------------+-----
Fighting       | 6 7 |  7.3
Long Blades    | |  1.0
Throwing       | |  1.0
Armour         | |  1.7
Stealth        | |  1.0

Action                   |  1- 3 |  4- 6 || total
-------------------------+-------+-------++-------
Melee: Falchion          |    79 |    55 ||   134
       Unarmed           |     4 |       ||     4
Evoke: Wand              |     1 |       ||     1
  Use: Scroll            |     2 |     2 ||     4
       Potion            |     1 |     1 ||     2
  Eat: Ration            |       |     1 ||     1
Armor: Scale mail        |    62 |    18 ||    80
       Skin              |       |    20 ||    20
Dodge: Dodged            |    43 |    18 ||    61
       Rpst.: Falchion   |    11 |     4 ||    15

Table legend:
 A = Spawn XP
 B = Non-spawn XP
 C = Spawn XP percentage of total XP
 D = Spawn monster count
 E = Non-spawn monster count
 F = Spawn count percentage of total count
 G = Total turns spent on level
                    A         B        C        D         E        F      G
               +---------+---------+-------+---------+---------+-------+---------
         Total |       0 |     255 |   0.0 |       0 |      25 |   0.0 |  1297
               +---------+---------+-------+---------+---------+-------+---------
           D:1 |       0 |      24 |   0.0 |       0 |      12 |   0.0 |   176
           D:2 |       0 |       7 |   0.0 |       0 |       4 |   0.0 |   155
           D:3 |       0 |       4 |   0.0 |       0 |       2 |   0.0 |   241
           D:5 |       0 |      51 |   0.0 |       0 |       2 |   0.0 |   269
           D:6 |       0 |     169 |   0.0 |       0 |       5 |   0.0 |   383
               +---------+---------+-------+---------+---------+-------+---------
